 Dungeon Crawl Stone Soup version 0.29-a0-1033-gb6c65ffae6 (webtiles) character file.

Game seed: 6240909679575538813

22316 siradein the Fruitful (level 12, -7/101 HPs)
             Began as a Yellow Draconian Hunter on Aug 15, 2022.
             Was a Priest of Fedhas.
             Killed from afar by Erica (21 damage)
             ... with a bolt of poison
             ... on level 1 of the Lair of Beasts.
             The game lasted 00:46:27 (15893 turns).

siradein the Fruitful (Yellow Draconian Hunter)    Turns: 15893, Time: 00:46:28

Health: -7/101     AC: 12    Str: 14    XL:     12   Next: 61%
Magic:  20/21      EV: 19    Int: 11    God:    Fedhas [***...]
Gold:   19         SH:  0    Dex: 30    Spells: 11/11 levels left

rFire   . . .      SeeInvis .   c - +0 arbalest
rCold   . . .      Faith    .   (shield currently unavailable)
rNeg    . . .      Spirit   .   (body armour unavailable)
rPois   .          Reflect  .   (helmet restricted)
rElec   .          Harm     .   D - +2 cloak
rCorr   +          Rampage  .   (no gloves)
Will    .....                   y - +0 pair of boots
Stlth   ++++......              (no amulet)
HPRegen 0.26/turn               h - +6 ring of dexterity
MPRegen 0.17/turn               G - +6 ring of dexterity

@: lethally poisoned (-7 -> -22), slowed, studying Ranged Weapons, very slow
A: spit acid, AC +8, unfitting armour, cold-blooded, acid resistance
a: Breathe Acid, Renounce Religion, Wall of Briars, Grow Ballistomycete


You were on level 1 of the Lair of Beasts.
You worshipped Fedhas.
Fedhas was most pleased with you.
You visited 2 branches of the dungeon, and saw 13 of its levels.
You also visited: Sewer and Bailey.

You collected 979 gold pieces.
You spent 960 gold pieces at shops.

Inventory:

Hand Weapons
 a - a +0 shortbow
 c - a +0 arbalest (weapon)
 I - a +2 rapier of draining
Missiles
 d - 3 throwing nets
Armour
 y - a +0 pair of boots (worn)
 D - a +2 cloak (worn)
Jewellery
 h - a +6 ring of dexterity (left hand)
 t - a ring of magical power
 v - a ring of wizardry
 G - a +6 ring of dexterity (right hand)
 M - a ring of wizardry
 Q - a ring of ice
Wands
 g - a wand of iceblast (23)
 x - a wand of digging (8)
 J - a wand of polymorph (4)
 K - a wand of light (12)
 L - a wand of flame (19)
 N - a wand of mindburst (12)
 P - a wand of paralysis (4)
Scrolls
 b - 4 scrolls of immolation
 f - 2 scrolls of blinking
 k - 5 scrolls of teleportation
 r - 7 scrolls of enchant weapon
 u - a scroll of torment
 A - a scroll of poison
 B - a scroll of summoning
 C - 2 scrolls of amnesia
 F - a scroll of fog
 O - 2 scrolls of magic mapping
Potions
 e - 5 potions of haste
 i - 4 potions of resistance
 j - 5 potions of flight
 m - 3 potions of magic
 n - a potion of might
 o - 2 potions of invisibility
 p - 3 potions of heal wounds {unknown}
 q - 5 potions of brilliance {unknown}
 s - 2 potions of lignification {unknown}
 w - 3 potions of ambrosia {unknown}
 z - 2 potions of curing


   Skills:
 + Level 7.8 Fighting
 + Level 11.8 Ranged Weapons
 + Level 6.4 Dodging
 + Level 6.7 Stealth
 + Level 12.4 Invocations
 + Level 6.7 Evocations


You had 11 spell levels left.
You didn't know any spells.
Your spell library contained the following spells:

 Spells                   Type           Power      Damage    Failure   Level
 Foxfire                  Conj/Fire      0%         2x1d4     34%         1
 Magic Dart               Conj           0%         1d3       34%         1
 Sandblast                Erth           0%         2d4       34%         1
 Summon Small Mammal      Summ           0%         N/A       34%         1
 Call Imp                 Summ           0%         N/A       47%         2
 Ensorcelled Hibernation  Hex/Ice        0%         N/A       47%         2
 Passwall                 Tmut/Erth      0%         N/A       47%         2
 Scorch                   Fire           0%         2d5       47%         2
 Static Discharge         Conj/Air       0%         3-3/arc   47%         2
 Call Canine Familiar     Summ           0%         N/A       71%         3
 Conjure Flame            Conj/Fire      0%         6-21      71%         3
 Gell's Gravitas          Tloc           0%         N/A       71%         3
 Inner Flame              Hex/Fire       0%         N/A       71%         3
 Mephitic Cloud           Conj/Pois/Air  0%         N/A       71%         3
 Stone Arrow              Conj/Erth      0%         3d7       71%         3
 Summon Guardian Golem    Hex/Summ       0%         N/A       71%         3
 Swiftness                Air            0%         N/A       71%         3
 Teleport Other           Tloc           0%         N/A       71%         3
 Animate Dead             Necr           0%         N/A       98%         4
 Flame Wave               Conj/Fire      0%         2d4       98%         4
 Borgnjor's Vile Clutch   Necr/Erth      0%         N/A       100%        5
 Lightning Bolt           Conj/Air       0%         1d11      100%        5
 Death Channel            Necr           0%         N/A       100%        6
 Dispersal                Tloc           0%         N/A       100%        6
 Summon Cactus Giant      Summ           0%         N/A       100%        6
 Malign Gateway           Summ/Tloc      0%         N/A       100%        7
 Lehudib's Crystal Spear  Conj/Erth      0%         10d2      100%        8
 Maxwell's Capacitive Co  Air            0%         ∞         100%        8
 Summon Horrible Things   Summ           0%         N/A       100%        8
 Animate Armour           Summ/Erth      Unusable   N/A       N/A         4

Dungeon Overview and Level Annotations

Branches:
Dungeon (11/15)            Temple (0/1) D:6            Lair (2/5) D:8
    Orc (0/2) D:10          Sewer (visited)          Bailey (visited)
  Swamp: Lair:2-3    Shoals: Lair:2-3     Snake: Lair:2-3    Spider: Lair:2-3

Altars:
Dithmenos
Fedhas
Gozag
Makhleb
Qazlal
Trog
Vehumet
Xom

Shops:
D:11 :

Annotations:
Lair:1 Erica


Innate Abilities, Weirdness & Mutations

You can spit globs of acid.
Your golden yellow scales are hard. (AC +8)
You cannot fit into any form of body armour.
You are cold-blooded and may be slowed by cold attacks.
You are resistant to acid. (rCorr)


Message History

The bolt hits Erica but does no damage.
Erica is almost dead.
Erica hits your briar patch with a +0 scimitar of flaming.
Erica burns your briar patch.
Erica points at you and mumbles some strange words.
The bolt of poison hits your briar patch. x2
The bolt of poison hits you!
You are poisoned.
* * * LOW HITPOINT WARNING * * *
Unknown command.
Unknown command.
Fire: c) +0 arbalest
Press: ? - help, Q - select action, (/) - cycle Shift-Dir - straight line, f/p - Erica
Aim: Erica, wielding a +0 scimitar of flaming and wearing a +2 robe of willpower (almost dead, ally target, 68% to hit)
You shoot a bolt. Fedhas protects your plant from harm.
Fedhas protects your plant from harm.
The bolt hits Erica.
Erica is almost dead.
You feel very sick.
Erica points at you and mumbles some strange words.
The bolt of poison hits your briar patch.
Your briar patch is poisoned.
The bolt of poison hits your briar patch.
Your briar patch is poisoned.
The bolt of poison hits you!
You are lethally poisoned!
* * * LOW HITPOINT WARNING * * *
Erica mumbles some strange words.
Erica flickers and vanishes!
You feel better.
You hear some strange, mumbled words.
A bolt of poison appears from out of thin air!
The bolt of poison hits your briar patch.
Your briar patch looks even sicker.
The bolt of poison hits your briar patch.
The bolt of poison hits you!!
You are lethally poisoned!
You die...
Fedhas appreciates your contribution to the ecosystem.

..........##....##.............#.
...........###.##.....#######...#
..........##..........#.##..#...#
..........###.>.....#...##..##.8.
#.####....# #.....#.....##P.##...
......§...###.####......###.###+.
............##.##................
.............PPP.................
..§...§.....{P.P@.....>..........
........^....PPP.................
#.###...#.###..##.#..............
....#...####..#####..###########.
....+...###....###...####.######.
........P##.......#..##.......P#.
....#....##..........##.......##.
....'...###.#..###...'........##.
....#...# #.#..# ##...#.......##.


There were no monsters in sight!

Vanquished Creatures
  Gastronok (Lair:1)
  Fannar (D:11)
  3 hydras
  5 two-headed ogres
  Sonja (Lair:2)
  A cyclops (D:11)
  2 elephants (Lair:2)
  2 cane toads
  A gargoyle (D:11)
  A rime drake (Lair:1)
  A polar bear (Lair:1)
  4 trolls
  A wraith (D:11)
  12 yaks
  3 shadows
  5 spriggans (Bailey)
  The ghost of drpainis the Sneak, an amateur SpEn of Yredelemnul (D:5)
  A wyvern (Lair:2)
  Grum (D:8)
  A basilisk (Lair:1)
  A steam dragon (D:7)
  4 vampire mosquitoes (D:11)
  3 acid dragons
  3 water moccasins (D:8)
  An ice beast (D:5)
  2 black bears (D:8)
  4 orc warriors
  A wolf (D:8)
  6 ogres
  A phantom (D:4)
  5 centaurs
  4 kobold brigands
  2 gnoll sergeants
  4 bullfrogs
  4 necrophages
  3 scorpions
  3 wights (D:9)
  2 killer bees
  5 howler monkeys
  3 hounds
  A gnoll bouda (D:7)
  Crazy Yiuf (D:6)
  12 orc priests
  A jelly (D:5)
  9 orc wizards
  20 gnolls
  8 adders
  7 river rats (Sewer)
  3 shadow imps
  4 worms
  A dart slug (D:3)
  40 orcs
  12 ball pythons
  2 bats
  11 endoplasms
  5 giant cockroaches
  15 goblins
  7 hobgoblins
  2 jackals (D:2)
  6 quokkas
  5 frilled lizards
  38 kobolds
  25 rats
344 creatures vanquished.

Vanquished Creatures (collateral kills)
  A two-headed ogre (D:11)
  Maurice (D:8)
  A komodo dragon (D:8)
  2 spriggans (Bailey)
  A water moccasin (D:8)
  An acid dragon (Bailey)
  An orc warrior (D:5)
  An ogre (D:6)
  3 wolves (D:8)
  A kobold brigand (D:9)
  A scorpion (D:6)
  5 killer bees
  4 orc priests
  A hound (D:5)
  5 orc wizards
  A gnoll (D:8)
  4 orcs
  2 kobolds (D:6)
36 creatures vanquished.

Vanquished Creatures (others)
  A ballistomycete spore (D:11)
  57 fungi
  62 plants
120 creatures vanquished.

Grand Total: 500 creatures vanquished

Notes
Turn   | Place    | Note
-------+----------+-------------------------------------------
     0 | D:1      | siradein the Draconian Hunter began the quest for the Orb.
     0 | D:1      | Reached XP level 1. HP: 17/17 MP: 1/1
    64 | D:1      | Reached XP level 2. HP: 24/24 MP: 2/2
   135 | D:1      | Found a faded altar of an unknown god.
   351 | D:1      | Reached XP level 3. HP: 29/29 MP: 3/3
   951 | D:2      | Found a blossoming altar of Fedhas.
   953 | D:2      | Reached skill level 5 in Ranged Weapons
   959 | D:2      | Became a worshipper of Fedhas Madash
  1141 | D:2      | Reached XP level 4. HP: 36/36 MP: 4/4
  1443 | D:3      | Reached skill level 1 in Invocations
  1449 | D:3      | Found a glowing drain.
  1592 | Sewer    | Entered a sewer
  1610 | Sewer    | Reached * piety under Fedhas
  1719 | Sewer    | Reached XP level 5. HP: 24/41 MP: 6/6
  1931 | Sewer    | Reached skill level 2 in Invocations
  1977 | Sewer    | Reached ** piety under Fedhas
  1988 | Sewer    | Reached skill level 3 in Invocations
  2236 | Sewer    | Reached XP level 6. HP: 45/48 MP: 8/8
  3170 | D:4      | Reached skill level 4 in Invocations
  3246 | D:4      | Your scales start taking on a golden yellow colour.
  3246 | D:4      | Reached XP level 7. HP: 28/55 MP: 10/10
  3246 | D:4      | Gained mutation: You are resistant to acid. (rCorr) [Yellow
                  | Draconian growth]
  3653 | D:4      | Reached *** piety under Fedhas
  3789 | D:4      | Reached skill level 5 in Invocations
  4310 | D:5      | Entered Level 5 of the Dungeon
  4647 | D:5      | Found an opulent altar of Gozag.
  4713 | D:5      | Reached skill level 6 in Invocations
  5023 | D:5      | Found a runed translucent gate.
  5023 | D:5      | Found a runed translucent gate.
  5023 | D:5      | Found an opulent altar of Gozag.
  5023 | D:5      | Found a runed translucent gate.
  5024 | D:5      | Noticed a yak
  5025 | D:5      | Noticed drpainis's ghost (amateur SpEn)
  5049 | D:5      | Reached XP level 8. HP: 61/61 MP: 12/12
  5316 | D:5      | Reached skill level 7 in Invocations
  5325 | D:5      | Found a radiant altar of Vehumet.
  5329 | D:5      | Found a burning altar of Makhleb.
  5332 | D:5      | Found a stormy altar of Qazlal.
  5332 | D:5      | Found a bloodstained altar of Trog.
  5345 | D:5      | Found a shimmering altar of Xom.
  5687 | D:6      | Found a runed translucent door.
  5688 | D:6      | Noticed Crazy Yiuf
  5734 | D:6      | Found a staircase to the Ecumenical Temple.
  5934 | D:6      | Reached skill level 8 in Invocations
  6140 | D:6      | Reached **** piety under Fedhas
  6487 | D:6      | Killed Crazy Yiuf
  6488 | D:6      | Reached XP level 9. HP: 54/67 MP: 15/15
  6615 | D:7      | Noticed a troll
  6634 | D:7      | Killed a troll
  6856 | D:7      | Reached skill level 9 in Invocations
  7979 | D:8      | Noticed Grum
  8032 | D:8      | Noticed Maurice
  8049 | D:8      | Killed Maurice
  8050 | D:8      | Reached skill level 10 in Invocations
  8110 | D:8      | Reached skill level 10 in Ranged Weapons
  8188 | D:8      | Reached skill level 1 in Stealth
  8216 | D:8      | Reached skill level 1 in Evocations
  8223 | D:8      | Noticed a komodo dragon
  8238 | D:8      | Reached XP level 10. HP: 59/75 MP: 14/17
  8474 | D:8      | Noticed a two-headed ogre
  8491 | D:8      | Killed a two-headed ogre
  9197 | D:5      | Killed drpainis's ghost
  9458 | D:8      | Killed Grum
  9783 | D:8      | Noticed a two-headed ogre
  9794 | D:8      | Killed a two-headed ogre
  9795 | D:8      | Reached skill level 11 in Invocations
  9853 | D:8      | Found a staircase to the Lair.
  9971 | D:9      | Found a flagged portal.
  9981 | Bailey   | Entered a bailey
 10020 | Bailey   | Reached skill level 5 in Fighting
 10020 | Bailey   | Reached XP level 11. HP: 65/86 MP: 19/19
 10215 | Bailey   | Noticed a two-headed ogre
 10307 | Bailey   | Killed a two-headed ogre
 11189 | D:9      | Found a shadowy altar of Dithmenos.
 11324 | D:10     | Entered Level 10 of the Dungeon
 11489 | D:10     | Noticed a two-headed ogre
 11503 | D:10     | Killed a two-headed ogre
 11504 | D:10     | Reached skill level 5 in Stealth
 11504 | D:10     | Reached skill level 5 in Evocations
 11543 | D:10     | Noticed a two-headed ogre
 11630 | D:10     | Found a staircase to the Orcish Mines.
 11652 | D:10     | Reached skill level 5 in Dodging
 11735 | D:10     | Killed a two-headed ogre
 12580 | D:11     | Noticed a two-headed ogre
 12588 | D:11     | Killed a two-headed ogre
 12704 | D:11     | Noticed Fannar
 12747 | D:11     | Killed Fannar
 13204 | D:11     | Found Tiushoy's Book Emporium.
 13309 | D:11     | Reached XP level 12. HP: 97/97 MP: 20/20
 13681 | D:11     | Noticed a four-headed hydra
 13691 | D:11     | Killed a four-headed hydra
 13692 | D:11     | Reached skill level 12 in Invocations
 13893 | Lair:1   | Entered Level 1 of the Lair of Beasts
 14129 | Lair:1   | Noticed Gastronok
 14254 | Lair:1   | Killed Gastronok
 14559 | Lair:1   | Noticed a four-headed hydra
 14565 | Lair:1   | Killed a four-headed hydra
 14860 | Lair:1   | Noticed a seven-headed hydra
 14892 | Lair:1   | Killed a seven-headed hydra
 15103 | Lair:1   | Found a blossoming altar of Fedhas.
 15254 | D:11     | Bought a manual of Ranged Weapons for 960 gold pieces
 15348 | Lair:2   | Noticed Sonja
 15356 | Lair:2   | Killed Sonja
 15861 | Lair:2   | Noticed Erica
 15892 | Lair:1   | HP: 4/101 [Erica/bolt of poison (15)]
 15893 | Lair:1   | Killed from afar by Erica

Illustrated notes

Levels and vault maps discovered:
D:1:      minmay_arrival_glassed_features, layout_basic, basic_ecumenical_altar
D:2:      wander_river, layout_basic, basic_altar,
          chequers_serial_rivers_micro_d, grunt_ministairs_11
D:3:      layout_rooms, gup_sewer_entry_spiral,
          nicolae_concentric_dashed_squares_wild
D:4:      minmay_razor_zed, layout_rooms, kennysheep_generic_room_16
D:5:      layout_loops_ring, nicolae_gozag_seed_capital,
          nicolae_overflow_hallway_of_the_gods, ebering_ghost_gozag
D:6:      layout_loops_ring, minmay_temple_entry_enclosed_plants,
          uniq_crazy_yiuf_cottage
D:7:      layout_basic
D:8:      layout_cave_pools, due_lair_maze_entry_diamond, uniq_maurice,
          uniq_grum
D:9:      layout_roguey, grunt_dithmenos_shadows, enter_bailey_6
D:10:     layout_layer_cave, orc_0_dummy, chequers_serial_rivers_micro_e,
          glass_columns_b, nicolae_concentric_dashed_squares_mild,
          wad_floor_pattern_untrapped, minmay_misc_feat_ornament
D:11:     layout_irregular_city, serial_shops, shop, uniq_fannar
Lair:1:   layout_regular_city, hangedman_tree_tricks, grunt_megastairs_4,
          infiniplex_staircase_pool_2, uniq_gastronok
Lair:2:   layout_loops_ring, swamp_mist, guppyfry_snake_entry_island,
          uniq_sonja, uniq_maggie, uniq_erica

Skill      XL: |  1  2  3  4  5  6  7  8  9 10 11 12 |
---------------+-------------------------------------+-----
Ranged Weapons | 4 5 6 7 8 10 11 | 11.8
Invocations    | 1 3 4 6 8 10 11 12 | 12.4
Stealth        | 1 4 5 6 |  6.7
Dodging        | 2 4 5 6 |  6.4
Evocations     | 1 3 5 6 |  6.7
Fighting       | 5 6 7 |  7.8

Action                   |  1- 3 |  4- 6 |  7- 9 | 10-12 || total
-------------------------+-------+-------+-------+-------++-------
Melee: Arbalest          |       |       |       |     1 ||     1
 Fire: Shortbow          |   116 |   211 |   450 |   374 ||  1151
       Arbalest          |       |       |       |   198 ||   198
Invok: Wall of Briars    |       |     1 |    12 |    30 ||    43
       Grow Ballistomyce |       |       |       |     2 ||     2
 Abil: Breathe Acid      |       |       |     6 |    15 ||    21
  Use: Scroll            |       |     6 |     6 |    10 ||    22
       Potion            |       |       |       |     1 ||     1
Armor: Skin              |    20 |    55 |    57 |    66 ||   198
Dodge: Dodged            |    33 |    74 |   104 |   191 ||   402

Table legend: (Time is in decaauts)
 A = Elapsed time spent in this place.
 B = Non-inter-level travel time spent in this place.
 C = Inter-level travel time spent in this place.
 D = Time resting spent in this place.
 E = Time spent auto-exploring this place.
 F = Levels seen in this place.
 G = Mean time per level.
                   A        B        C        D        E       F      G
               +--------+--------+--------+--------+--------+-----+--------+
         Total |  16269 |  15285 |    984 |    123 |  12318 |  15 | 1084.6 |
       Dungeon |  13017 |  12126 |    891 |    123 |   9833 |  11 | 1183.4 |
          Lair |   1596 |   1503 |     93 |      0 |   1244 |   2 |  798.0 |
         Sewer |   1110 |   1110 |      0 |      0 |    893 |   1 | 1110.0 |
        Bailey |    545 |    545 |      0 |      0 |    347 |   1 |  545.0 |
               +--------+--------+--------+--------+--------+-----+--------+

Top non-repeatable levels by time:
     D:7: 2061 daAuts
     D:4: 1489 daAuts
    D:11: 1469 daAuts
     D:8: 1454 daAuts
  Lair:1: 1303 daAuts
     D:5: 1191 daAuts
    D:10: 1160 daAuts
   Sewer: 1110 daAuts
     D:6: 1048 daAuts
     D:9: 948 daAuts
     D:3: 878 daAuts
     D:2: 723 daAuts
     D:1: 592 daAuts
  Bailey: 545 daAuts
  Lair:2: 292 daAuts
